Map: Ruins of Seras

Players

Nero - Winner!

  • Race: Protoss Protoss

DrunkenTiger

  • Race: Terran Terran
  • League: Gold

VOD

Have the link to the VOD?

Description

Time

  • Played on: Jan. 5, 2016, 10:19 a.m.
  • Length: 14:30
Show
View Real Time Build Order
Export as new Build Order

Nero Protoss - Winner!

Build Orders: Oracle Opening 

Get SALT Encoding   

  12  0:01  Probe (Chrono Boost)  
  13  0:15  Pylon  
  13  0:18  Probe (Chrono Boost)  
  14  0:29  Probe (Chrono Boost)  
  15  0:37  Gateway  
  15  0:42  Assimilator  
  15  0:46  Probe (Chrono Boost)  
  16  0:56  Probe (Chrono Boost)  
  17  1:07  Probe (Chrono Boost)  
  18  1:13  Pylon  
  18  1:17  Probe (Chrono Boost)  
  19  1:25  Cybernetics Core  
  19  1:28  Probe (Chrono Boost)  
  19  1:29  Zealot  
  22  1:35  Assimilator  
  22  1:39  Probe (Chrono Boost)  
  23  1:49  Probe (Chrono Boost)  
  24  2:00  Probe (Chrono Boost)  
  25  2:01  Zealot  
  25  2:04  Warp Gate  
  27  2:19  Stargate  
  27  2:25  Probe (Chrono Boost)  
  27  2:29  Zealot  
  30  2:32  Pylon  
  30  2:36  Probe (Chrono Boost)  
  31  2:48  Pylon  
  31  2:50  Probe (Chrono Boost)  
  32  2:56  Stalker  
  34  3:00  Probe (Chrono Boost)  
  34  3:03  Oracle (Chrono Boost)  
  40  3:13  Mothership Core  
  40  3:22  Forge  
  40  3:28  Stalker  
  42  3:48  Twilight Council  
  39  4:07  Oracle (Chrono Boost)  
  39  4:08  Probe  
  43  4:12  Photon Cannon  
  43  4:13  Photon Cannon  
  43  4:16  Stalker  
  45  4:20  Probe  
  46  4:32  Probe  
  46  4:33  Photon Cannon  
  47  5:25  Nexus  
  47  5:27  Assimilator  
  47  5:32  Assimilator  
  47  5:36  Pylon  
  47  5:39  Pylon  
  47  5:50  Robotics Facility  
  47  5:54  Gateway, Oracle (Chrono Boost)  
  47  5:56  Gateway  
  52  6:01  Pylon  
  52  6:10  Blink  
  50  6:41  Probe  
  50  6:43  Probe  
  50  6:45  Zealot  
  54  6:48  Robotics Bay  
  54  6:50  Gateway  
  54  6:53  Gateway  
  54  6:55  Probe  
  55  7:02  Probe  
  55  7:07  Probe  
  57  7:11  Immortal  
  57  7:12  Probe  
  62  7:16  Protoss Ground Weapons Level 1  
  56  7:45  Stalker  
  56  7:46  Stalker x2  
  56  7:48  Probe  
  56  7:49  Probe  
  64  7:55  Colossus (Chrono Boost)  
  70  8:00  Pylon  
  70  8:01  Probe  
  70  8:02  Pylon  
  71  8:12  Stalker x3  
  75  8:15  Sentry  
  79  8:20  Zealot  
  81  8:42  Sentry  
  81  8:44  Zealot  
  81  8:46  Stalker  
  93  9:01  Stalker  
  98  9:03  Zealot  
  46  9:58  Stalker x3  
  46  9:59  Stalker x2  
  49  10:20  Nexus  
  49  10:23  Assimilator  
  49  10:25  Assimilator  
  49  10:26  Stalker x3  
  49  10:27  Stalker x2, Pylon  
  59  10:30  Pylon  
  59  10:38  Pylon  
  59  10:48  Pylon, Protoss Ground Armor Level 1  
  59  10:51  Pylon  
  59  10:54  Adept x2  
  59  10:55  Sentry x2  
  67  10:57  Probe  
  67  11:01  Probe  
  65  11:28  Stalker x2  
  65  11:29  Stalker x3  
  75  11:50  Probe x2  
  77  11:55  Zealot x4  
  77  12:00  Probe x2  
  87  12:11  Zealot  
  89  12:22  Photon Cannon  
  89  12:23  Photon Cannon  
  89  12:24  Photon Cannon  
  89  12:25  Probe x2  
  89  12:26  Probe  
  92  12:36  Probe  
  71  13:08  Photon Cannon  
  71  13:09  Photon Cannon x2  
  71  13:11  Photon Cannon  
  71  13:12  Zealot x4  
  77  13:13  Photon Cannon  
  77  13:18  Mothership Core  
  77  13:35  Zealot x2  
  77  13:36  Zealot x3  
  75  14:19  Stalker x2  
Show
View Real Time Build Order
Export as new Build Order

DrunkenTiger Terran 

Build Orders:  

Get SALT Encoding   

  12  0:00  SCV  
  13  0:15  Supply Depot  
  13  0:18  SCV  
  14  0:30  SCV  
  15  0:38  Barracks  
  15  0:42  SCV  
  16  0:54  SCV  
  17  1:06  SCV  
  18  1:15  Refinery  
  18  1:18  SCV  
  19  1:27  Supply Depot  
  19  1:37  SCV  
  19  1:39  Command Center  
  20  1:41  Marine  
  21  1:50  SCV  
  22  1:58  Marine  
  23  2:02  SCV  
  23  2:03  Refinery  
  24  2:14  Orbital Command  
  24  2:16  Marine  
  24  2:22  Factory  
  25  2:34  Marine  
  26  2:42  SCV  
  27  2:52  Marine  
  27  2:53  Refinery  
  28  3:08  Barracks  
  28  3:10  Marine, Factory Tech Lab  
  28  3:12  SCV  
  30  3:14  Starport  
  30  3:17  Orbital Command  
  30  3:27  Marine, SCV  
  32  3:34  Siege Tank  
  32  3:39  SCV  
  36  3:48  SCV  
  37  3:51  SCV  
  33  4:00  SCV  
  31  4:10  SCV  
  31  4:14  Engineering Bay, Marine  
  33  4:18  Starport Reactor  
  33  4:20  Siege Tank  
  33  4:23  Barracks Tech Lab  
  36  4:26  SCV  
  37  4:32  Marine  
  37  4:38  SCV  
  39  4:49  Missile Turret  
  39  4:52  Missile Turret  
  29  5:08  Missile Turret  
  29  5:15  SCV  
  29  5:16  SCV  
  29  5:18  Marine  
  32  5:22  Marine  
  32  5:23  Siege Tank  
  36  5:31  Terran Infantry Weapons Level 1  
  36  5:32  SCV  
  36  5:35  SCV  
  38  5:41  Marauder  
  38  5:42  Marine  
  40  5:44  SCV  
  40  5:47  SCV  
  43  5:52  Refinery  
  43  5:56  SCV  
  44  6:00  Marine  
  45  6:05  Supply Depot  
  45  6:07  Supply Depot  
  45  6:23  Siege Tank  
  46  6:26  Marine  
  46  6:28  Marine  
  34  6:44  Supply Depot, Marine  
  34  6:45  SCV x2  
  34  6:46  Supply Depot  
  37  6:49  Stimpack  
  37  6:50  Medivac  
  37  6:52  Medivac  
  41  6:57  SCV x2  
  41  7:00  Marine  
  44  7:03  Siege Tank  
  47  7:09  SCV  
  47  7:11  SCV  
  49  7:20  Medivac  
  49  7:21  SCV  
  49  7:22  Medivac  
  54  7:23  SCV  
  54  7:27  Barracks  
  54  7:29  Marine  
  55  7:32  Marauder  
  55  7:33  SCV  
  55  7:36  SCV  
  60  7:42  Liberator  
  59  7:50  SCV  
  59  7:51  SCV  
  61  7:52  Marine  
  61  7:53  Siege Tank, Marauder  
  67  8:05  Terran Infantry Armor Level 1  
  70  8:07  SCV  
  70  8:08  SCV  
  70  8:09  Supply Depot  
  70  8:12  Marine  
  73  8:14  Marauder  
  73  8:19  SCV  
  76  8:24  Marine  
  76  8:27  SCV  
  78  8:30  Marine  
  78  8:31  Supply Depot  
  78  8:33  Supply Depot  
  79  8:36  Marauder  
  79  8:37  Medivac  
  83  8:42  Marine  
  84  8:55  SCV x2  
  85  8:57  Marine  
  85  8:58  Siege Tank, Marauder  
  85  8:59  Medivac  
  94  9:07  SCV  
  63  10:16  Marine x2  
  63  10:17  Marauder  
  63  10:18  Siege Tank  
  63  10:20  SCV  
  71  10:27  Barracks  
  71  10:34  Marine x2  
  71  10:35  SCV  
  73  10:38  Marine, Command Center  
  74  10:46  Building Armor, Armory  
  74  10:48  Liberator x2  
  74  10:51  Command Center  
  74  10:52  Marine x2  
  74  10:54  SCV  
  74  10:57  Marauder  
  79  11:02  SCV  
  80  11:07  SCV  
  80  11:10  Marine  
  89  11:15  Barracks Tech Lab  
  89  11:18  Marauder  
  72  11:27  Marine  
  72  11:30  Siege Tank  
  76  11:39  Marine, Marauder  
  79  11:40  Marauder  
  58  12:01  Marauder  
  56  12:02  Siege Tank  
  56  12:07  Marine  
  56  12:08  Marauder  
  54  12:10  SCV  
  54  12:32  SCV  
  26  13:36  Orbital Command  
Tags
 
League
Gold
Matchup
PvT
Replay Pack
rep
Add a new tag
Caveats
  • Supply blocks, unpowered buildings, or Contaminate may cause inaccurate times.
  • Supply counts are checked every 10 seconds.